[ AOE2 MATCH · #458487265 ]
1v1 RMTupi vs Hindustanis
Player's team · WIN
[ REPLAY ANALYSIS · EXTRACTED FROM THE RECORDED GAME ]
Feudal
11:58
Castle
24:54
Imperial
42:19
| APM avg | 62.2 |
| APM peak | 99 |
| eAPM avg | 29.3 |
| Villagers / military | 153 / 41 |
Focus
⚔️ 40.6% · 🌾 59.4%
Unknown (2550) ×91 · Archer ×24 · Unknown (2579) ×18 · Spearman ×8 · Scorpion ×5 · Trebuchet (Packed) ×4
Feudal
10:21
Castle
25:56
Imperial
44:37
| APM avg | 46.1 |
| APM peak | 70 |
| eAPM avg | 24.1 |
| Villagers / military | 128 / 93 |
Focus
⚔️ 30.8% · 🌾 69.2%
Ghulam ×28 · Skirmisher ×17 · Cavalry Archer ×13 · Scout Cavalry ×12 · Hand Cannoneer ×11 · Scorpion ×8
Match map
Initial resources + every placement click. Lines = walls · curves = elevation contours. ◆ gold · ⬟ stone · ● berries · ✦ relic · ◌ wall gap
Inputs per minute
— 闲人肥羊 - - 大水助
Build order — 闲人肥羊
First 150 of 467 actions detected
| 0:01 | Create | Villager (Male) |
| 0:02 | Create | Villager (Male) |
| 0:02 | Create | Villager (Male) |
| 0:02 | Create | Villager (Male) |
| 0:02 | Build | House |
| 0:04 | Build | House |
| 0:33 | Build | Barracks |
| 1:18 | Create | Villager (Male) |
| 1:18 | Create | Villager (Male) |
| 1:31 | Create | Unit 2550 |
| 1:37 | Create | Villager (Male) |
| 2:00 | Create | Villager (Male) |
| 2:33 | Create | Villager (Male) |
| 2:33 | Create | Villager (Male) |
| 2:58 | Create | Villager (Male) |
| 2:58 | Create | Villager (Male) |
| 3:15 | Build | House |
| 3:16 | Create | Villager (Male) |
| 3:16 | Create | Villager (Male) |
| 3:25 | Create | Unit 2550 |
| 3:45 | Create | Villager (Male) |
| 4:10 | Create | Villager (Male) |
| 4:42 | Build | House |
| 4:44 | Create | Villager (Male) |
| 4:57 | Create | Unit 2550 |
| 5:15 | Build | House |
| 5:18 | Create | Villager (Male) |
| 5:29 | Create | Villager (Male) |
| 5:58 | Create | Villager (Male) |
| 6:28 | Create | Villager (Male) |
| 6:55 | Create | Villager (Male) |
| 7:08 | Build | Settlement |
| 7:33 | Create | Villager (Male) |
| 7:54 | Create | Villager (Male) |
| 7:56 | Research | Loom |
| 8:14 | Create | Villager (Male) |
| 8:26 | Build | Settlement |
| 9:01 | Create | Villager (Male) |
| 9:48 | Research | Feudal Age |
| 10:09 | Build | Settlement |
| 10:20 | Build | Farm |
| 10:31 | Build | Palisade Wall |
| 10:32 | Build | Palisade Wall |
| 10:32 | Build | Palisade Wall |
| 10:35 | Build | Palisade Wall |
| 10:39 | Build | Palisade Wall |
| 10:54 | Build | Farm |
| 10:56 | Build | House |
| 10:59 | Build | Palisade Wall |
| 11:02 | Build | Palisade Wall |
| 11:04 | Build | Palisade Wall |
| 11:05 | Build | Palisade Wall |
| 11:05 | Build | Palisade Wall |
| 11:06 | Build | Palisade Wall |
| 11:07 | Build | Palisade Wall |
| 11:23 | Create | Villager (Male) |
| 11:58 | Age | Feudal Age |
| 12:00 | Build | Archery Range |
| 12:01 | Create | Spearman |
| 12:09 | Create | Villager (Male) |
| 12:27 | Build | Farm |
| 12:28 | Build | Farm |
| 12:38 | Create | Villager (Male) |
| 12:51 | Create | Spearman |
| 12:56 | Create | Archer |
| 12:57 | Create | Villager (Male) |
| 13:15 | Create | Villager (Male) |
| 13:19 | Create | Archer |
| 13:22 | Build | Farm |
| 13:31 | Build | Palisade Wall |
| 13:38 | Research | Double-Bit Axe |
| 13:38 | Research | Double-Bit Axe |
| 13:39 | Create | Villager (Male) |
| 13:43 | Build | Farm |
| 14:20 | Create | Villager (Male) |
| 14:21 | Create | Spearman |
| 14:23 | Create | Archer |
| 14:27 | Create | Villager (Male) |
| 14:46 | Create | Archer |
| 14:56 | Create | Villager (Male) |
| 15:01 | Build | Archery Range |
| 15:04 | Create | Archer |
| 15:15 | Create | Spearman |
| 15:26 | Create | Villager (Male) |
| 15:28 | Build | House |
| 15:40 | Create | Villager (Male) |
| 15:45 | Build | Farm |
| 15:55 | Create | Archer |
| 15:55 | Create | Archer |
| 16:12 | Create | Villager (Male) |
| 16:14 | Build | Blacksmith |
| 16:21 | Build | Farm |
| 16:30 | Create | Villager (Male) |
| 16:34 | Create | Spearman |
| 16:35 | Create | Villager (Male) |
| 16:39 | Build | Farm |
| 16:48 | Create | Archer |
| 16:50 | Build | Palisade Wall |
| 16:53 | Create | Villager (Male) |
| 16:55 | Build | Farm |
| 17:04 | Build | Palisade Wall |
| 17:06 | Build | Farm |
| 17:12 | Build | Palisade Wall |
| 17:19 | Research | Fletching |
| 17:28 | Build | Palisade Wall |
| 17:30 | Build | Palisade Wall |
| 17:43 | Create | Archer |
| 17:43 | Create | Archer |
| 17:47 | Create | Villager (Male) |
| 17:49 | Build | Farm |
| 17:57 | Build | Palisade Wall |
| 17:59 | Create | Archer |
| 17:59 | Create | Archer |
| 18:09 | Research | Gold Mining |
| 18:14 | Create | Spearman |
| 18:19 | Create | Villager (Male) |
| 18:23 | Create | Spearman |
| 18:27 | Create | Villager (Male) |
| 18:43 | Create | Villager (Male) |
| 18:44 | Create | Spearman |
| 18:48 | Build | Farm |
| 18:56 | Create | Archer |
| 19:14 | Create | Villager (Male) |
| 19:15 | Create | Archer |
| 19:15 | Create | Archer |
| 19:18 | Build | House |
| 19:18 | Build | House |
| 19:28 | Create | Villager (Male) |
| 19:29 | Build | House |
| 19:52 | Create | Villager (Male) |
| 20:13 | Build | Settlement |
| 20:16 | Create | Archer |
| 20:39 | Build | Palisade Wall |
| 20:45 | Create | Villager (Male) |
| 21:07 | Create | Villager (Male) |
| 21:23 | Build | Market |
| 21:47 | Create | Villager (Male) |
| 21:53 | Create | Villager (Male) |
| 21:55 | Build | Barracks |
| 22:14 | Research | Castle Age |
| 22:25 | Build | Palisade Wall |
| 22:28 | Build | Palisade Wall |
| 22:49 | Build | Palisade Wall |
| 22:51 | Create | Archer |
| 22:54 | Create | Archer |
| 22:54 | Create | Archer |
| 22:56 | Create | Villager (Male) |
| 23:00 | Build | Palisade Wall |
| 23:08 | Create | Unit 2550 |
| 23:08 | Create | Unit 2550 |
Build order — 大水助
First 150 of 425 actions detected
| 0:00 | Create | Villager (Male) |
| 0:01 | Create | Villager (Male) |
| 0:02 | Build | House |
| 0:03 | Build | House |
| 0:08 | Create | Villager (Male) |
| 0:08 | Create | Villager (Male) |
| 1:05 | Create | Villager (Male) |
| 1:05 | Create | Villager (Male) |
| 1:28 | Create | Villager (Male) |
| 1:28 | Create | Villager (Male) |
| 2:05 | Create | Villager (Male) |
| 2:05 | Create | Villager (Male) |
| 2:09 | Build | Lumber Camp |
| 2:19 | Create | Villager (Male) |
| 2:20 | Create | Villager (Male) |
| 3:01 | Create | Villager (Male) |
| 3:01 | Create | Villager (Male) |
| 3:37 | Create | Villager (Male) |
| 3:37 | Create | Villager (Male) |
| 3:48 | Build | House |
| 3:57 | Create | Villager (Male) |
| 4:04 | Build | House |
| 4:25 | Build | Mill |
| 4:50 | Create | Villager (Male) |
| 4:50 | Create | Villager (Male) |
| 5:00 | Build | Palisade Wall |
| 5:06 | Create | Villager (Male) |
| 5:09 | Research | Loom |
| 5:10 | Create | Villager (Male) |
| 5:14 | Create | Villager (Male) |
| 5:27 | Create | Villager (Male) |
| 5:36 | Build | Palisade Gate |
| 5:45 | Create | Villager (Male) |
| 5:46 | Create | Villager (Male) |
| 5:50 | Create | Villager (Male) |
| 6:09 | Create | Villager (Male) |
| 6:26 | Build | Palisade Gate |
| 6:37 | Create | Villager (Male) |
| 6:41 | Create | Villager (Male) |
| 6:49 | Create | Villager (Male) |
| 7:02 | Create | Villager (Male) |
| 7:37 | Build | Palisade Wall |
| 7:50 | Build | House |
| 7:53 | Build | Palisade Wall |
| 7:54 | Build | Palisade Wall |
| 8:11 | Research | Feudal Age |
| 8:14 | Build | Palisade Wall |
| 8:51 | Build | Palisade Wall |
| 8:53 | Build | Palisade Wall |
| 8:54 | Build | Palisade Wall |
| 8:55 | Build | Palisade Wall |
| 9:01 | Build | Palisade Wall |
| 9:03 | Build | Palisade Wall |
| 9:04 | Build | Palisade Wall |
| 9:05 | Build | House |
| 9:08 | Build | Palisade Wall |
| 9:11 | Create | Villager (Male) |
| 9:14 | Create | Villager (Male) |
| 9:41 | Build | Palisade Wall |
| 9:53 | Create | Villager (Male) |
| 9:59 | Build | Palisade Wall |
| 10:02 | Build | Palisade Wall |
| 10:05 | Build | Barracks |
| 10:21 | Age | Feudal Age |
| 10:31 | Build | Farm |
| 10:31 | Build | Farm |
| 10:46 | Build | Stable |
| 11:13 | Build | Farm |
| 11:13 | Build | Farm |
| 11:25 | Create | Scout Cavalry |
| 11:27 | Build | Farm |
| 11:27 | Build | Farm |
| 11:31 | Create | Villager (Male) |
| 11:35 | Build | House |
| 11:38 | Create | Scout Cavalry |
| 11:42 | Build | Farm |
| 11:55 | Create | Scout Cavalry |
| 12:03 | Create | Villager (Male) |
| 12:09 | Build | House |
| 12:28 | Create | Villager (Male) |
| 12:31 | Build | Farm |
| 12:31 | Build | Farm |
| 12:58 | Create | Villager (Male) |
| 13:01 | Build | Farm |
| 13:01 | Build | Farm |
| 13:22 | Create | Villager (Male) |
| 13:32 | Build | Lumber Camp |
| 13:37 | Create | Scout Cavalry |
| 13:37 | Create | Villager (Male) |
| 13:42 | Create | Villager (Male) |
| 14:05 | Create | Villager (Male) |
| 14:19 | Create | Villager (Male) |
| 14:28 | Build | Archery Range |
| 14:33 | Create | Scout Cavalry |
| 14:42 | Build | Farm |
| 15:03 | Create | Scout Cavalry |
| 15:04 | Create | Villager (Male) |
| 15:07 | Build | House |
| 15:14 | Create | Skirmisher |
| 15:20 | Build | Farm |
| 15:21 | Build | Farm |
| 15:42 | Create | Skirmisher |
| 15:42 | Create | Skirmisher |
| 15:47 | Create | Villager (Male) |
| 15:48 | Build | Farm |
| 16:28 | Build | House |
| 16:41 | Create | Villager (Male) |
| 16:42 | Build | Farm |
| 16:43 | Build | Farm |
| 16:53 | Build | Farm |
| 16:54 | Build | Farm |
| 16:58 | Build | House |
| 16:59 | Build | Palisade Wall |
| 17:05 | Create | Scout Cavalry |
| 17:05 | Create | Villager (Male) |
| 17:18 | Build | Farm |
| 17:46 | Create | Villager (Male) |
| 17:51 | Build | Mining Camp |
| 17:57 | Research | Double-Bit Axe |
| 17:58 | Create | Scout Cavalry |
| 17:58 | Create | Scout Cavalry |
| 18:05 | Create | Skirmisher |
| 18:30 | Create | Skirmisher |
| 18:31 | Create | Archer |
| 18:32 | Create | Villager (Male) |
| 18:59 | Create | Villager (Male) |
| 19:01 | Build | Blacksmith |
| 19:18 | Build | House |
| 19:27 | Create | Skirmisher |
| 19:55 | Create | Skirmisher |
| 20:00 | Create | Scout Cavalry |
| 20:09 | Create | Villager (Male) |
| 20:09 | Create | Villager (Male) |
| 20:20 | Build | Farm |
| 20:21 | Build | Farm |
| 20:38 | Create | Skirmisher |
| 20:42 | Build | Blacksmith |
| 21:03 | Create | Skirmisher |
| 21:19 | Create | Villager (Male) |
| 21:20 | Build | Farm |
| 21:21 | Build | Farm |
| 21:23 | Create | Scout Cavalry |
| 21:52 | Build | Farm |
| 21:59 | Build | Farm |
| 21:59 | Build | Farm |
| 22:03 | Build | Farm |
| 22:07 | Create | Villager (Male) |
| 22:07 | Create | Villager (Male) |
| 22:16 | Create | Scout Cavalry |
| 22:23 | Build | Farm |
Match timeline
| 0:33 | 闲人肥羊 · first_building Barracks |
| 5:00 | 大水助 · wall_segment Palisade Wall x1 |
| 7:37 | 大水助 · wall_segment Palisade Wall x1 |
| 7:53 | 大水助 · wall_segment Palisade Wall x1 |
| 7:54 | 大水助 · wall_segment Palisade Wall x1 |
| 8:14 | 大水助 · wall_segment Palisade Wall x1 |
| 8:51 | 大水助 · wall_segment Palisade Wall x1 |
| 8:53 | 大水助 · wall_segment Palisade Wall x1 |
| 8:54 | 大水助 · wall_segment Palisade Wall x1 |
| 8:55 | 大水助 · wall_segment Palisade Wall x1 |
| 9:01 | 大水助 · wall_segment Palisade Wall x1 |
| 9:03 | 大水助 · wall_segment Palisade Wall x1 |
| 9:04 | 大水助 · wall_segment Palisade Wall x1 |
| 9:08 | 大水助 · wall_segment Palisade Wall x1 |
| 9:41 | 大水助 · wall_segment Palisade Wall x1 |
| 9:59 | 大水助 · wall_segment Palisade Wall x1 |
| 10:02 | 大水助 · wall_segment Palisade Wall x1 |
| 10:05 | 大水助 · first_building Barracks |
| 10:21 | 大水助 · age_up feudal |
| 10:31 | 闲人肥羊 · wall_segment Palisade Wall x6 |
| 10:32 | 闲人肥羊 · wall_segment Palisade Wall x1 |
| 10:32 | 闲人肥羊 · wall_segment Palisade Wall x1 |
| 10:35 | 闲人肥羊 · wall_segment Palisade Wall x3 |
| 10:39 | 闲人肥羊 · wall_segment Palisade Wall x3 |
| 10:46 | 大水助 · first_building Stable |
| 10:59 | 闲人肥羊 · wall_segment Palisade Wall x1 |
| 11:02 | 闲人肥羊 · wall_segment Palisade Wall x3 |
| 11:04 | 闲人肥羊 · wall_segment Palisade Wall x1 |
| 11:05 | 闲人肥羊 · wall_segment Palisade Wall x1 |
| 11:05 | 闲人肥羊 · wall_segment Palisade Wall x1 |
| 11:06 | 闲人肥羊 · wall_segment Palisade Wall x1 |
| 11:07 | 闲人肥羊 · wall_segment Palisade Wall x1 |
| 11:58 | 闲人肥羊 · age_up feudal |
| 12:00 | 闲人肥羊 · first_building Archery Range |
| 13:31 | 闲人肥羊 · wall_segment Palisade Wall x1 |
| 14:28 | 大水助 · first_building Archery Range |
| 16:50 | 闲人肥羊 · wall_segment Palisade Wall x7 |
| 16:59 | 大水助 · wall_segment Palisade Wall x3 |
| 17:04 | 闲人肥羊 · wall_segment Palisade Wall x4 |
| 17:12 | 闲人肥羊 · wall_segment Palisade Wall x6 |
| 17:28 | 闲人肥羊 · wall_segment Palisade Wall x1 |
| 17:30 | 闲人肥羊 · wall_segment Palisade Wall x1 |
| 17:57 | 闲人肥羊 · wall_segment Palisade Wall x1 |
| 20:39 | 闲人肥羊 · wall_segment Palisade Wall x8 |
| 22:10 | 闲人肥羊 · first_market_sell 100 wood |
| 22:11 | 闲人肥羊 · first_market_buy 100 food |
| 22:25 | 闲人肥羊 · wall_segment Palisade Wall x1 |
| 22:27 | 大水助 · wall_segment Palisade Wall x3 |
| 22:28 | 闲人肥羊 · wall_segment Palisade Wall x13 |
| 22:28 | 大水助 · wall_segment Palisade Wall x5 |
| 22:30 | 大水助 · wall_segment Palisade Wall x1 |
| 22:49 | 闲人肥羊 · wall_segment Palisade Wall x1 |
| 23:00 | 闲人肥羊 · wall_segment Palisade Wall x1 |
| 23:51 | 大水助 · wall_segment Palisade Wall x1 |
| 24:34 | 大水助 · wall_segment Palisade Wall x2 |
| 24:54 | 闲人肥羊 · age_up castle |
| 25:56 | 大水助 · age_up castle |
| 27:31 | 大水助 · wall_segment Palisade Wall x1 |
| 28:15 | 闲人肥羊 · first_building Siege Workshop |
| 30:48 | 大水助 · first_building Siege Workshop |
| 31:26 | 大水助 · wall_segment Palisade Wall x1 |
| 32:34 | 大水助 · first_building Castle |
| 34:27 | 闲人肥羊 · first_building Castle |
| 42:19 | 闲人肥羊 · age_up imperial |
| 43:05 | 大水助 · wall_segment Stone Wall x1 |
| 43:58 | 大水助 · wall_segment Palisade Wall x1 |
| 44:00 | 大水助 · wall_segment Palisade Wall x1 |
| 44:37 | 大水助 · age_up imperial |
| 44:55 | 大水助 · wall_segment Stone Wall x1 |
| 44:57 | 大水助 · wall_segment Stone Wall x1 |
| 45:06 | 大水助 · wall_segment Stone Wall x1 |
| 46:03 | 大水助 · wall_segment Stone Wall x1 |
| 46:05 | 大水助 · wall_segment Stone Wall x1 |
| 46:08 | 大水助 · wall_segment Stone Wall x1 |
| 46:09 | 大水助 · wall_segment Stone Wall x1 |
| 47:32 | 大水助 · resign |
[ AI ANALYSIS · 1 CREDIT ]
What really happened in this match?
Wolo.gg analyzes every decision: build order, eco, micro, common mistakes by bracket. Personalized analysis on WhatsApp or Discord in 30 seconds.
Civ guide
Tupi
Map guide
Arabia
Perfil
闲人肥羊